Map: Ever Dream LE

Players

LiquidClem (Clem)

  • Race: Terran Terran
  • League: Bronze
  • Spawn Location: 1:00

Trap - Winner!

  • Race: Protoss Protoss
  • Spawn Location: 7:00

Event: DreamHack SC2 Masters 2020 Summer Season Finals

VOD

Have the link to the VOD?

Description

Time

  • Played on: July 17, 2020, 12:25 p.m.
  • Length: 9:02

All games in this series

Show
View Real Time Build Order
Export as new Build Order

LiquidClem Terran 

Build Orders: Reaper Expand 

Get SALT Encoding   

  12  0:00  SCV  
  13  0:12  SCV  
  14  0:17  Supply Depot  
  14  0:24  SCV  
  15  0:38  SCV  
  15  0:41  Barracks  
  15  0:42  Refinery  
  16  0:50  SCV  
  17  1:03  SCV  
  18  1:15  SCV  
  19  1:28  Reaper  
  19  1:29  Orbital Command  
  20  1:47  Command Center  
  20  1:51  Supply Depot  
  20  1:55  SCV  
  20  2:00  Marine  
  22  2:07  SCV  
  23  2:10  Factory  
  23  2:18  Bunker  
  23  2:19  SCV  
  23  2:22  Barracks Reactor  
  24  2:31  SCV  
  24  2:34  Barracks  
  25  2:41  Refinery  
  25  2:43  SCV  
  26  2:55  SCV  
  26  2:58  Marine  
  26  2:59  Marine  
  26  3:01  Factory Tech Lab  
  26  3:02  Orbital Command  
  28  3:08  SCV  
  29  3:16  Marine x2  
  34  3:20  Cyclone  
  34  3:21  SCV  
  34  3:23  Barracks Tech Lab  
  35  3:27  SCV  
  35  3:34  SCV  
  37  3:35  Marine x2  
  37  3:39  SCV  
  40  3:46  SCV  
  39  3:51  SCV  
  39  3:53  Supply Depot, Marine x2  
  40  3:57  Stimpack  
  40  3:58  SCV  
  41  4:03  SCV, Starport  
  41  4:06  Engineering Bay  
  41  4:09  Marine  
  43  4:10  Factory Reactor  
  43  4:11  Marine  
  43  4:13  SCV  
  43  4:15  SCV  
  46  4:20  Barracks  
  46  4:25  SCV  
  46  4:27  Refinery  
  46  4:28  SCV  
  46  4:29  Supply Depot  
  48  4:33  Marauder  
  48  4:37  Terran Infantry Weapons Level 1  
  50  4:39  SCV  
  50  4:41  Marine  
  50  4:42  Marine  
  50  4:44  SCV  
  54  4:52  SCV, Supply Depot  
  55  4:54  Marauder  
  55  4:56  SCV  
  58  5:00  Factory Reactor  
  58  5:02  Medivac  
  58  5:04  Marine  
  58  5:05  Marine  
  62  5:10  Supply Depot  
  62  5:13  Medivac  
  62  5:14  SCV x2  
  66  5:17  Marauder  
  66  5:19  Marauder  
  70  5:24  Combat Shield  
  70  5:29  Refinery  
  70  5:32  SCV, Supply Depot, Marine x2  
  70  5:34  SCV  
  74  5:41  Marauder x2  
  78  5:44  Supply Depot  
  78  5:46  SCV  
  78  5:50  SCV  
  78  5:54  Marine x2  
  78  6:04  Command Center  
  78  6:05  Marauder, Widow Mine x2  
  78  6:07  Marauder  
  86  6:11  Concussive Shells  
  86  6:12  Supply Depot  
  86  6:14  Marine x2  
  86  6:15  Medivac  
  90  6:18  Medivac  
  92  6:26  Barracks  
  92  6:29  Barracks  
  92  6:34  Widow Mine x2  
  92  6:39  Supply Depot  
  96  6:40  Terran Infantry Armor Level 1  
  96  6:43  Marine x2  
  98  6:53  SCV, Marauder  
  101  6:55  Marine  
  96  7:03  Marine x2  
  96  7:07  Widow Mine x2  
  98  7:12  Medivac x2  
  98  7:13  Marauder  
  98  7:14  Marauder  
  91  7:17  Barracks Reactor, Barracks Tech Lab  
  91  7:18  Orbital Command  
  91  7:21  Marine  
  86  7:25  Marine  
  86  7:28  SCV x2  
  84  7:34  Marauder, Ghost Academy  
  84  7:35  Widow Mine  
  84  7:36  Marauder  
  92  7:37  Widow Mine  
  92  7:39  Marauder  
  92  7:40  Marine  
  92  7:43  SCV  
  96  7:44  SCV  
  96  7:46  Marine  
  96  7:50  Liberator  
  93  7:53  Liberator  
  92  7:59  Marine x2  
  92  8:01  Marauder  
  92  8:05  Marauder  
  93  8:08  SCV x2  
  93  8:12  Orbital Command, Widow Mine x2  
  98  8:13  Marine  
  98  8:16  Marine  
  100  8:20  Ghost  
  100  8:22  SCV  
  100  8:25  Ghost  
  105  8:32  Marine x2  
  102  8:37  Supply Depot  
  102  8:40  Marine x2  
  105  8:42  SCV  
  105  8:43  SCV  
Show
View Real Time Build Order
Export as new Build Order

Trap Protoss - Winner!

Build Orders: 1 Gate Expand, Blink Stalkers 

Get SALT Encoding   

  12  0:00  Probe  
  13  0:12  Probe  
  14  0:19  Pylon  
  14  0:24  Probe  
  15  0:33  Probe  
  15  0:37  Gateway  
  15  0:41  Probe  
  16  0:46  Assimilator  
  17  0:51  Probe  
  18  1:03  Probe  
  19  1:15  Probe  
  20  1:25  Cybernetics Core  
  20  1:32  Nexus  
  20  1:39  Pylon  
  20  1:42  Probe  
  21  1:49  Assimilator  
  21  1:51  Adept  
  21  1:55  Probe  
  24  2:02  Warp Gate  
  24  2:07  Probe  
  25  2:11  Adept  
  25  2:19  Probe  
  27  2:27  Twilight Council  
  27  2:31  Probe  
  27  2:33  Adept  
  28  2:43  Probe  
  31  2:45  Blink  
  31  2:47  Probe  
  32  2:55  Probe  
  33  2:59  Probe  
  34  3:06  Stalker  
  34  3:07  Probe x2  
  38  3:15  Probe  
  38  3:19  Probe  
  40  3:23  Gateway  
  40  3:25  Probe  
  40  3:29  Robotics Facility  
  40  3:33  Probe  
  42  3:37  Probe  
  42  3:40  Pylon  
  43  3:46  Probe  
  42  3:49  Probe  
  39  3:56  Stalker  
  39  3:58  Probe  
  39  4:01  Probe  
  43  4:08  Nexus  
  43  4:12  Probe  
  43  4:13  Probe, Pylon  
  43  4:16  Observer  
  46  4:18  Sentry  
  46  4:20  Stalker  
  50  4:24  Probe  
  50  4:25  Probe, Pylon  
  52  4:31  Assimilator  
  52  4:32  Pylon  
  52  4:37  Gateway  
  52  4:38  Observer  
  53  4:46  Stalker x2  
  53  4:48  Probe x2  
  59  4:59  Gateway  
  59  5:03  Charge  
  59  5:05  Probe x2  
  61  5:14  Stalker x2  
  61  5:17  Immortal  
  65  5:22  Probe x3  
  72  5:31  Pylon  
  72  5:33  Gateway  
  72  5:36  Gateway  
  72  5:38  Probe  
  72  5:39  Probe x2  
  74  5:43  Pylon  
  74  5:53  Probe x3  
  77  6:02  Stalker x2  
  77  6:03  Stalker x2  
  85  6:07  Warp Prism  
  85  6:09  Shield Battery  
  85  6:10  Pylon  
  85  6:11  Gateway  
  85  6:12  Gateway  
  85  6:15  Pylon  
  88  6:25  Probe x3  
  88  6:27  Sentry x2, Zealot  
  96  6:32  Zealot  
  96  6:33  Zealot x2  
  101  6:41  Pylon  
  101  6:42  Pylon  
  105  6:47  Immortal  
  105  6:52  Zealot  
  105  6:53  Zealot  
  103  6:59  Zealot x3  
  104  7:03  Zealot  
  100  7:09  Zealot x2  
  100  7:11  Probe x2  
  100  7:15  Zealot x2  
  100  7:26  Immortal  
  102  7:33  Zealot x6  
  102  7:35  Zealot x2  
  118  7:40  Forge  
  114  7:55  Stalker x3  
  114  7:56  Zealot x5  
  124  8:03  Probe x3  
  123  8:07  Assimilator  
  123  8:08  Assimilator  
  123  8:10  Pylon  
  123  8:11  Pylon  
  123  8:13  Templar Archives  
  123  8:22  Sentry x2  
  123  8:26  Zealot x2  
  123  8:27  Zealot  
  133  8:29  Zealot x3  
  133  8:37  Probe x3  
  134  8:49  Zealot x7  
  134  8:50  Zealot  
Tags
 
Add a new tag
Caveats
  • Supply blocks, unpowered buildings, or Contaminate may cause inaccurate times.
  • Supply counts are checked every 10 seconds.